 Dungeon Crawl Stone Soup version 0.24.0-123-gd5b16e6ec5 (webtiles) character file.

Game seed: 8756445819045852752, levelgen mode: deterministic

2148 hazymike the Cleaver (level 9, -20/72 HPs)
             Began as a Formicid Fighter on Feb 8, 2020.
             Was a Priest of Trog.
             Demolished by an earth elemental (26 damage)
             ... summoned by a deep elf mage
             ... on level 7 of the Dungeon.
             The game lasted 00:32:05 (7223 turns).

hazymike the Cleaver (Formicid Fighter)             Turns: 7223, Time: 00:32:06

Health: -20/72     AC:  8    Str: 24    XL:     9   Next: 56%
Magic:  9/9        EV:  9    Int:  8    God:    Trog [***...]
Gold:   354        SH: 11    Dex: 10    Spells: 8/8 levels left

rFire    . . .     SeeInvis +   a - +0 war axe
rCold    . . .     Gourm    .   c - +0 shield
rNeg     . . .     Faith    .   b - +0 scale mail
rPois    .         Spirit   .   (helmet unavailable)
rElec    .         Reflect  .   D - scarf {cloud immunity}
rCorr    .         Harm     .   (no gloves)
MR       ++...                  v - +0 pair of boots
Stlth    ..........             (no amulet)
HPRegen  1.22/turn              (no ring)
MPRegen  0.11/turn              (no ring)

@: regenerating
A: permanent stasis, dig shafts and tunnels, four strong arms, antennae 3
a: Dig, Shaft Self, Trog's Hand, Renounce Religion


You were on level 7 of the Dungeon.
You worshipped Trog.
Trog was most pleased with you.
You were not hungry.

You visited 1 branch of the dungeon, and saw 7 of its levels.

You collected 354 gold pieces.

Inventory:

Hand Weapons
 a - a +0 war axe (weapon)
Missiles
 e - 188 stones
 g - 2 curare-tipped darts
 h - 11 datura-tipped darts
 j - 28 poisoned darts (quivered)
 m - a throwing net
Armour
 b - a +0 scale mail (worn)
 c - a +0 shield (worn)
 n - a +2 chain mail of positive energy
 v - a +0 pair of boots (worn)
 C - a cursed -1 leather armour
 D - a scarf of cloud immunity (worn)
Jewellery
 p - a +3 ring of evasion {unknown}
 t - an uncursed ring of ice {unknown}
 y - an uncursed ring of flight {unknown}
 A - an uncursed ring of protection from cold {unknown}
 E - a cursed ring of teleportation {unknown}
Wands
 o - a wand of enslavement (5)
 x - a wand of polymorph (5)
Scrolls
 i - 2 scrolls of amnesia {unknown}
 k - a scroll of blinking {unknown}
 q - a scroll of enchant weapon {unknown}
 w - 3 scrolls of remove curse {unknown}
 B - a scroll of fear {unknown}
 F - a scroll of fog {unknown}
 H - a scroll of identify
Potions
 d - a potion of might
 l - 4 potions of curing
 r - a potion of lignification
 s - a potion of cancellation
 z - a potion of ambrosia
 G - a potion of flight {unknown}
Comestibles
 f - 20 rations


   Skills:
 + Level 7.0 Fighting
 * Level 8.1 Axes
 - Level 6.0 Armour
 + Level 7.6 Shields


You had 8 spell levels left.
You didn't know any spells.
Your spell library was empty.

Dungeon Overview and Level Annotations

Branches:
Dungeon (7/15)             Temple (0/1) D:5

Altars:
Ashenzari
Elyvilon
Fedhas
Gozag
Trog
The Shining One

Shops:
D:4 (


Innate Abilities, Weirdness & Mutations

You cannot be hasted, slowed, berserked, paralysed or teleported.
You can dig through walls and to a lower floor.
Your four strong arms can wield two-handed weapons with a shield.
You have a pair of large antennae on your head. (SInv)


Message History

* * * LOW HITPOINT WARNING * * *
You feel much better.
The deep elf mage hits you but does no damage.
You completely miss the deep elf mage.
The deep elf mage is heavily wounded.
You slash the earth elemental! You hit the earth elemental.
You block the earth elemental's attack. You block the deep elf mage's attack.
The earth elemental hits you!!
* * * LOW HITPOINT WARNING * * *
You closely miss the deep elf mage.
The deep elf mage is heavily wounded.
You hit the earth elemental but do no damage.
You slash the earth elemental!
The deep elf mage hits you but does no damage.
You block the earth elemental's attack.
You closely miss the deep elf mage.
The deep elf mage is heavily wounded.
You slash the earth elemental! You barely miss the earth elemental.
You block the deep elf mage's attack. The earth elemental hits you!!
You die...

#..........#
#.##...###......
######...[.#
#...........##..
#.......#
#.###..........#
#####.#.###.#
#.##....##..
#...........#
#.##....####
#.......#####
#####...####
#.......###
#.......
#........e#
#....#.#
#......8E@#
#.......
#####...E.#
#.{##.. ###'###
##.{... #...#
#....#. #._.#
###..#. #...#
#.... #####
##... #... ##..


You could see 2 earth elementals and a deep elf mage.

Vanquished Creatures
  Grinder (D:6)
  A spriggan (D:7)
  A water moccasin (D:6)
  An ice beast (D:5)
  2 ogres (D:5)
  3 bullfrogs
  2 scorpions
  4 killer bees (D:7)
  5 crimson imps
  A quasit (D:6)
  4 hounds
  3 jellies
  3 orc wizards
  5 orc priests
  3 iguanas
  3 worker ants
  7 adders
  2 oozes
  An adder zombie (D:5)
  A worm (D:4)
  A dart slug (D:1)
  2 leopard geckos
  11 orcs
  5 bats
  5 giant cockroaches
  10 goblins
  7 hobgoblins
  12 jackals (D:3)
  2 quokkas
  A ball python (D:4)
  6 frilled lizards
  5 kobolds
  A leopard gecko zombie (D:6)
  A quokka zombie (D:7)
  10 rats
132 creatures vanquished.

Notes
Turn   | Place    | Note
-------+----------+-------------------------------------------
     0 | D:1      | hazymike the Formicid Fighter began the quest for the Orb.
     0 | D:1      | Reached XP level 1. HP: 18/18 MP: 1/1
    87 | D:1      | Reached XP level 2. HP: 23/24 MP: 2/2
   707 | D:2      | Reached XP level 3. HP: 27/29 MP: 3/3
  1042 | D:2      | Found a faded altar of an unknown god.
  1044 | D:2      | Became a worshipper of Trog the Wrathful
  1044 | D:2      | Reached * piety under Trog
  1160 | D:2      | Reached skill level 3 in Axes
  1160 | D:2      | Reached XP level 4. HP: 37/37 MP: 4/4
  1242 | D:2      | Found an opulent altar of Gozag.
  1513 | D:2      | Reached XP level 5. HP: 41/42 MP: 5/5
  1805 | D:3      | Reached ** piety under Trog
  2535 | D:4      | Found Taurelat's Weapon Shop.
  2571 | D:4      | Reached XP level 6. HP: 48/48 MP: 6/6
  2795 | D:4      | Reached skill level 4 in Axes
  3211 | D:4      | Reached skill level 5 in Shields
  3458 | D:5      | Entered Level 5 of the Dungeon
  3473 | D:5      | Reached XP level 7. HP: 49/55 MP: 7/7
  3500 | D:5      | Found a white marble altar of Elyvilon.
  3632 | D:5      | Reached *** piety under Trog
  3632 | D:5      | Reached skill level 5 in Axes
  3707 | D:5      | Reached skill level 5 in Fighting
  3707 | D:5      | Reached skill level 5 in Armour
  3834 | D:5      | Found a blossoming altar of Fedhas.
  3936 | D:5      | Reached XP level 8. HP: 61/62 MP: 8/8
  4268 | D:5      | Found a staircase to the Ecumenical Temple.
  4437 | D:5      | Reached skill level 6 in Axes
  5198 | D:6      | Noticed Grinder
  5269 | D:6      | Killed Grinder
  5354 | D:6      | Reached XP level 9. HP: 69/69 MP: 9/9
  5654 | D:6      | Found a glowing golden altar of the Shining One.
  5839 | D:6      | Reached skill level 7 in Axes
  6490 | D:7      | Received a gift from Trog
  7149 | D:7      | Reached skill level 8 in Axes
  7206 | D:7      | Found a shattered altar of Ashenzari.
  7206 | D:7      | Noticed a deep elf mage
  7218 | D:7      | HP: 3/72 [earth elemental[a deep elf mage] (6)]
  7223 | D:7      | Demolished by an earth elemental

Levels and vault maps discovered:
D:1:      minmay_arrival_radiant_lines, layout_loops_ring, serial_bayou_lagoon_b
D:2:      layout_basic, chequers_ecumenical_altar_twisty,
          nicolae_gozag_cash_rules_everything_around_me
D:3:      layout_rooms, first_ration
D:4:      layout_gridville, serial_shops, shop
D:5:      layout_loops_ring, elyvilon_altar_3, fedhas_altar_4,
          minmay_temple_entry_proselytizer, minmay_misc_feat_diagonals
D:6:      layout_basic, tso_altar, uniq_grinder
D:7:      layout_basic, the_bakery, david_defended_altar_elf

Skill      XL: |  1  2  3  4  5  6  7  8  9 |
---------------+----------------------------+-----
Shields        | 4 5 6 7 |  7.6
Axes           | 3 4 5 6 8 |  8.1
Fighting       | 4 5 6 7 |  7.0
Armour         | 4 5 6 |  6.0

Action                   |  1- 3 |  4- 6 |  7- 9 || total
-------------------------+-------+-------+-------++-------
Melee: War axe           |   108 |   171 |   324 ||   603
Throw: Stone             |     3 |       |       ||     3
       Dart              |       |    54 |    27 ||    81
Invok: Trog's Hand       |       |       |     4 ||     4
  Use: Scroll            |       |     5 |     5 ||    10
       Potion            |       |       |     3 ||     3
  Eat: Chunk             |     1 |     8 |    13 ||    22
Armor: Scale mail        |    41 |    59 |   112 ||   212
Dodge: Dodged            |    24 |    59 |   119 ||   202
Block: Shield            |    52 |    92 |   182 ||   326
